 Dungeon Crawl Stone Soup version 0.30-a0-557-ge2afbf3030 (webtiles) character file.

Game seed: 7835073386833958427

3572 Newt the Slasher (level 9, -1/67 (71) HPs)
             Began as a Demonspawn Gladiator on Dec 27, 2022.
             Was an Initiate of Gozag.
             Slain by a wight
             ... wielding a +1 halberd of venom
              (10 damage)
             ... on level 8 of the Dungeon.
             The game lasted 00:09:26 (8617 turns).

Newt the Slasher (Demonspawn Gladiator)             Turns: 8617, Time: 00:09:27

HP:   -1/67 (71)    AC:  7    Str: 18    XL:     9   Next: 84%
MP:   9/9           EV: 10    Int: 10    God:    Gozag
Gold: 235           SH: 10    Dex: 15    Spells: 8/8 levels left

rFire   + . .      SeeInvis +    y - +4 falchion (flame)
rCold   + . .      Faith    .    w - +1 kite shield
rNeg    . . .      Spirit   .    b - +0 leather armour
rPois   .          Reflect  .    (helmet restricted)
rElec   .          Harm     .    n - scarf {rC+ rF+}
rCorr   .          Rampage  .    h - +0 pair of gloves
Will    +....                    j - +0 pair of boots
Stlth   ++                       (no amulet)
HPRegen 0.31/turn                g - ring of see invisible
MPRegen 0.11/turn                B - ring of willpower

@: lethally poisoned (-1 -> -14), drained
A: horns 1, thin metallic scales 1, spiny 1, demonic magic 1
a: Renounce Religion, Potion Petition, Call Merchant, Bribe Branch


You were on level 8 of the Dungeon.
You worshipped Gozag.
Gozag was aware of your devotion.
You visited 1 branch of the dungeon, and saw 8 of its levels.

You collected 485 gold pieces.
You spent 133 gold pieces at shops.
You paid 117 gold pieces to Gozag.

Inventory:

Hand Weapons
 a - a +0 rapier
 y - a +4 falchion of flaming (weapon)
Missiles
 e - a javelin (quivered)
Armour
 b - a +0 leather armour (worn)
 c - a +0 helmet
 h - a +0 pair of gloves (worn)
 j - a +0 pair of boots (worn)
 n - a scarf of resistance (worn)
 w - a +1 kite shield (worn)
Jewellery
 g - a ring of see invisible (left hand)
 t - a ring of magical power
 B - a ring of willpower (right hand)
Wands
 l - a wand of charming (18)
Scrolls
 m - 3 scrolls of fear
 q - a scroll of noise
 s - a scroll of magic mapping
 u - a scroll of poison
 v - a scroll of torment
 z - a scroll of immolation
 C - a scroll of teleportation
Potions
 f - 2 potions of ambrosia
 i - 2 potions of lignification
 k - 3 potions of curing
 o - a potion of heal wounds
 p - 2 potions of brilliance
 r - 2 potions of attraction
 x - a potion of degeneration
 A - a potion of mutation
 D - a potion of haste {unknown}


   Skills:
 + Level 6.4 Fighting
 - Level 2.6(5.0) Short Blades
 - Level 6.7(7.0) Long Blades
 - Level 5.0 Throwing
 - Level 4.0 Armour
 - Level 2.6 Dodging
 - Level 3.0 Stealth
 - Level 4.0 Shields
 - Level 5.0 Evocations


You had 8 spell levels left.
You didn't know any spells.
Your spell library contained the following spells:

 Spells                   Type           Power      Damage    Failure   Level
 Sting                    Tmut/Pois      0%         1d3       80%         1
 Summon Small Mammal      Summ           0%         N/A       80%         1
 Cigotuvi's Dreadful Rot  Necr/Pois/Air  0%         N/A       90%         2
 Poisonous Vapours        Pois/Air       0%         N/A       90%         2
 Scorch                   Fire           0%         2d5       90%         2
 Call Canine Familiar     Summ           0%         N/A       99%         3
 Gell's Gravitas          Tloc           0%         N/A       99%         3
 Lesser Beckoning         Tloc           0%         N/A       99%         3
 Summon Guardian Golem    Hex/Summ       0%         N/A       99%         3
 Teleport Other           Tloc           0%         N/A       99%         3
 Animate Armour           Summ/Erth      0%         N/A       100%        4
 Dispel Undead            Necr           0%         3d6       100%        4
 Flame Wave               Conj/Fire      0%         2d4       100%        4
 Olgreb's Toxic Radiance  Pois           0%         N/A       100%        4
 Blade Hands              Tmut           0%         N/A       100%        5
 Death Channel            Necr           0%         N/A       100%        6
 Iron Shot                Conj/Erth      0%         9d1       100%        6
 Summon Cactus Giant      Summ           0%         N/A       100%        6


Dungeon Overview and Level Annotations

Branches:
Dungeon (8/15)             Temple (0/1) D:6
   Lair: D:8-11

Altars:
Cheibriados
Gozag
Qazlal
Ru

Shops:
D:4 *   D:7 *


Innate Abilities, Weirdness & Mutations

You have a pair of small horns on your head.
You are partially covered in thin metallic scales. (AC +2)
You are partially covered in sharp spines.
Spells you cast may paralyse adjacent enemies.


Message History

You are too injured to fight recklessly!
You are too injured to fight recklessly!
You are too injured to fight recklessly!
You are too injured to fight recklessly!
You are too injured to fight recklessly!
You are too injured to fight recklessly!
You are too injured to fight recklessly!
You are too injured to fight recklessly!
You are too injured to fight recklessly!
You are too injured to fight recklessly!
You are too injured to fight recklessly!
You are too injured to fight recklessly!
You are too injured to fight recklessly!
You are too injured to fight recklessly!
You are too injured to fight recklessly!
You are too injured to fight recklessly!
You are too injured to fight recklessly!
You are too injured to fight recklessly!
Unknown command.
You closely miss the wight.
You feel very sick.
The wight hits you with a +1 halberd of venom!
* * * LOW HITPOINT WARNING * * *
You feel drained.
* * * LOW HITPOINT WARNING * * *
You are lethally poisoned!
You feel much better.
You feel extremely sick. You block the wight's attack.
You barely miss the wight. Your headbutt misses the wight.
* * * LOW HITPOINT WARNING * * *
You feel extremely sick. The wight barely misses you.
You hit the wight. You burn the wight.
The wight is moderately damaged.
* * * LOW HITPOINT WARNING * * *
You feel very sick.
The wight hits you with a +1 halberd of venom!
You die...
Your body crumbles into a pile of gold.

#.. #..##...... ##
#..# #.......... #..
###....# ##..........
...###...
#..###..........
........# #..........#
........# ##...##..###
........#####..####..#
. .....#..$#.$..##
#..## .
........[z@<..# #...#
##. ........#####..#
##..###.. .......##
###..# #.......
.......
......###.).)...
.......
...........))..#
.......
###...#####)...#
....... #§§§# #....#
.....>. #§ #..... #
#...#.


You could see a wight.

Vanquished Creatures
  Sigmund (D:6)
  A wraith (D:6)
  Eustachio (D:6)
  Menkaure (D:4)
  A water moccasin (D:7)
  An orc warrior (D:7)
  2 black bears
  2 ice beasts (D:5)
  7 ogres
  2 centaurs
  3 bullfrogs
  A kobold brigand (D:7)
  A gnoll sergeant (D:8)
  2 necrophages
  A scorpion (D:5)
  5 wights
  4 killer bees (D:7)
  2 electric eels (D:6)
  A howler monkey (D:6)
  A gnoll bouda (D:6)
  A jelly (D:4)
  3 hounds
  An iguana (D:4)
  Natasha (thrice) (D:4)
  2 orc wizards
  6 adders
  13 gnolls
  3 river rats (D:7)
  5 ufetubi
  6 worms
  5 dart slugs
  14 orcs
  4 bats
  7 endoplasms
  5 giant cockroaches
  4 hobgoblins
  5 jackals
  6 quokkas
  4 ball pythons
  2 frilled lizards (D:2)
  7 goblins
  9 kobolds
  2 rats
157 creatures vanquished.

Vanquished Creatures (others)
  A gnoll (D:6)
  40 plants
41 creatures vanquished.

Grand Total: 198 creatures vanquished

Notes
Turn   | Place    | Note
-------+----------+-------------------------------------------
     0 | D:1      | Newt the Demonspawn Gladiator began the quest for the Orb.
     0 | D:1      | Reached XP level 1. HP: 16/16 MP: 1/1
    54 | D:1      | Reached skill level 1 in Stealth
   172 | D:1      | Gained mutation: You have a pair of small horns on your
                  | head. [demonic ancestry]
   172 | D:1      | Reached XP level 2. HP: 22/22 MP: 2/2
   738 | D:1      | Reached XP level 3. HP: 27/27 MP: 3/3
  1479 | D:3      | Found a stormy altar of Qazlal.
  1711 | D:3      | Gained mutation: You are partially covered in thin metallic
                  | scales. (AC +2) [demonic ancestry]
  1711 | D:3      | Reached XP level 4. HP: 34/34 MP: 4/4
  1811 | D:3      | Noticed an ogre
  1821 | D:3      | Killed an ogre
  1822 | D:3      | Reached skill level 1 in Armour
  1822 | D:3      | Gained mutation: You are partially covered in sharp spines.
                  | [demonic ancestry]
  1822 | D:3      | Reached XP level 5. HP: 13/42 MP: 5/5
  2245 | D:3      | Found a sacrificial altar of Ru.
  2926 | D:4      | Noticed Natasha
  2934 | D:4      | Killed Natasha
  2954 | D:4      | Noticed Menkaure
  2969 | D:4      | Killed Menkaure
  2970 | D:4      | Reached XP level 6. HP: 15/48 MP: 6/6
  2970 | D:4      | Noticed Natasha
  2991 | D:4      | Killed Natasha
  3475 | D:4      | Noticed Natasha
  3480 | D:4      | Killed Natasha
  3481 | D:4      | Reached skill level 1 in Shields
  3555 | D:4      | Found Qilykuw's General Store.
  3558 | D:4      | Bought a scroll of brand weapon for 133 gold pieces
  3992 | D:4      | Reached XP level 7. HP: 53/54 MP: 7/7
  4125 | D:5      | Entered Level 5 of the Dungeon
  4207 | D:5      | Reached skill level 1 in Long Blades
  4574 | D:5      | Reached XP level 8. HP: 35/60 MP: 8/8
  5077 | D:6      | Found a staircase to the Ecumenical Temple.
  5102 | D:6      | Noticed Sigmund
  5107 | D:6      | Killed Sigmund
  5108 | D:6      | Reached skill level 5 in Long Blades
  5760 | D:6      | Found a snail-covered altar of Cheibriados.
  6118 | D:6      | Gained mutation: Spells you cast may paralyse adjacent
                  | enemies. [demonic ancestry]
  6118 | D:6      | Reached XP level 9. HP: 19/65 MP: 9/9
  6337 | D:6      | Noticed Eustachio
  6354 | D:6      | Killed Eustachio
  6955 | D:7      | Reached skill level 5 in Throwing
  6955 | D:7      | Reached skill level 1 in Evocations
  7281 | D:7      | Found Gozag's Platinum Reserve.
  7285 | D:7      | Found an opulent altar of Gozag.
  7342 | D:7      | Became a worshipper of Gozag Ym Sagoz the Greedy
  7759 | D:7      | Reached skill level 5 in Evocations
  8214 | D:8      | Reached skill level 5 in Fighting
  8617 | D:8      | Slain by a wight

Illustrated notes

Levels and vault maps discovered:
D:1:      psy_arrival_conway, layout_loops_ring, serial_glass, glass_columns_a,
          glass_columns_b, due_unseen_surprise
D:2:      layout_basic, serial_rivers, chequers_serial_rivers_large_a,
          chequers_serial_rivers_marsh, chequers_serial_rivers_micro_a,
          chequers_serial_rivers_micro_b, minivault_19
D:3:      layout_basic, nicolae_ru_path_of_blood, mainiacjoe_overflow_brackets
D:4:      layout_basic, serial_shops, shop_statue, kennysheep_small_square,
          uniq_menkaure, uniq_natasha
D:5:      layout_cave_pools
D:6:      layout_basic, slow_altar_1, minmay_temple_entry_trees, serial_bayou,
          serial_bayou_shore_b, serial_bayou_ford_a, serial_bayou_pond_e,
          serial_bayou_pond_b, uniq_sigmund, uniq_eustachio
D:7:      wad_woods_stonehenge, layout_basic, nicolae_gozag_zags_fifth_avenue,
          kennysheep_nub
D:8:      layout_layer_cave, lemuel_flame_loot_1, uniq_pikel

Skill      XL: |  1  2  3  4  5  6  7  8  9 |
---------------+----------------------------+-----
Stealth        | 1 2 3 |  3.0
Fighting       | 4 6 |  6.4
Armour         | 1 3 4 |  4.0
Shields        | 2 4 |  4.0
Long Blades    | 4 6 |  6.7
Throwing       | 4 5 |  5.0
Evocations     | 5 |  5.0
Short Blades   | |  2.6
Dodging        | |  2.6

Action                   |  1- 3 |  4- 6 |  7- 9 || total
-------------------------+-------+-------+-------++-------
Melee: Rapier            |    98 |    61 |       ||   159
       Headbutt          |    19 |    14 |    48 ||    81
       Falchion          |       |    18 |   241 ||   259
Throw: Throwing net      |       |     4 |     2 ||     6
       Javelin           |       |     2 |       ||     2
Evoke: Wand              |       |     4 |       ||     4
  Use: Scroll            |     4 |     6 |    14 ||    24
       Potion            |       |     2 |     1 ||     3
 Stab: Sleeping          |     7 |    10 |     5 ||    22
       Distracted        |     1 |       |     2 ||     3
       Held in net/web   |       |     2 |     2 ||     4
Armor: Leather armour    |    20 |    15 |    58 ||    93
Dodge: Dodged            |    54 |    23 |   105 ||   182
Block: Kite shield       |       |    18 |   145 ||   163

Table legend: (Time is in decaauts)
 A = Elapsed time spent in this place.
 B = Non-inter-level travel time spent in this place.
 C = Inter-level travel time spent in this place.
 D = Time resting spent in this place.
 E = Time spent auto-exploring this place.
 F = Levels seen in this place.
 G = Mean time per level.
                   A        B        C        D        E       F      G
               +--------+--------+--------+--------+--------+-----+--------+
         Total |   8726 |   8486 |    240 |   2511 |   4696 |   8 | 1090.8 |
       Dungeon |   8726 |   8486 |    240 |   2511 |   4696 |   8 | 1090.8 |
               +--------+--------+--------+--------+--------+-----+--------+

Top non-repeatable levels by time:
     D:6: 1846 daAuts
     D:4: 1470 daAuts
     D:7: 1329 daAuts
     D:3: 1219 daAuts
     D:5: 967 daAuts
     D:2: 780 daAuts
     D:1: 704 daAuts
     D:8: 407 daAuts
